 Dungeon Crawl Stone Soup version 0.23.0 (webtiles) character file.

Game seed: 4512910031978081068

6391 lyphon the Cleaver (level 10, -2/92 HPs)
             Began as a Hill Orc Monk on Feb 9, 2019.
             Was a Priest of Trog.
             Slain by a spiny frog (13 damage)
             ... on level 1 of the Lair of Beasts.
             The game lasted 00:52:37 (8448 turns).

lyphon the Cleaver (Hill Orc Monk)                  Turns: 8448, Time: 00:52:38

Health: -2/92      AC: 17    Str: 21    XL:     10   Next: 97%
Magic:  10/10      EV:  9    Int:  8    God:    Trog [***...]
Gold:   316        SH:  0    Dex: 13    Spells: 9/9 levels left

rFire    + . .     SeeInvis +   I - +5 morningstar
rCold    x . .     Gourm    .   (no shield)
rNeg     + . .     Faith    .   z - +0 chain mail
rPois    .         Spirit   .   f - +2 helmet
rElec    .         Reflect  .   v - +0 cloak
rCorr    .         Harm     .   s - +0 pair of gloves {Str+3}
MR       ++...                  (no boots)
Stlth    ..........             E - amulet of rage
HPRegen  1.25/turn              n - ring of stealth
MPRegen  0.12/turn              b - ring "Xiasuobi" {Fire rN+ Int-2 Slay+2 SInv}

@: lethally poisoned (-2 -> -17), about to teleport, berserk cooldown,
regenerating, slowed, very slow
A: no striking features
a: Berserk, Trog's Hand, Renounce Religion, Evoke Berserk Rage


You were on level 1 of the Lair of Beasts.
You worshipped Trog.
Trog was most pleased with you.
You were very hungry.

You visited 3 branches of the dungeon, and saw 10 of its levels.

You collected 567 gold pieces.
You spent 251 gold pieces at shops.

Inventory:

Hand Weapons
 a - a +0 mace
 I - a +5 morningstar (weapon)
 J - a +4 spear
 K - a +0 battleaxe
 L - a +0 hand axe
 P - a +0 triple crossbow
Missiles
 d - 287 stones (quivered)
 B - a throwing net
Armour
 f - a +2 helmet (worn)
 s - a +0 pair of gloves of strength (worn)
 v - a +0 cloak (worn)
 z - a +0 chain mail (worn)
 C - a scarf of repulsion
 F - a +0 helmet
Jewellery
 b - the ring "Xiasuobi" (right hand) {Fire rN+ Int-2 Slay+2 SInv}
   (You found it on level 7 of the Dungeon)

   [ring of fire]

   It enhances your fire magic.
   It affects your intelligence (-2).
   It affects your accuracy and damage with ranged weapons and melee attacks
   (+2).
   It protects you from fire.
   It makes you vulnerable to cold.
   It protects you from negative energy.
   It lets you see invisible.
 n - a ring of stealth (left hand)
 o - a +6 ring of intelligence
 u - an uncursed ring of positive energy
 y - an uncursed amulet of magic regeneration
 E - an amulet of rage (around neck)
 M - the ring of Contentment {Str+5 Dex+6, unknown}
   (You found it on level 8 of the Dungeon)

   [ring of dexterity]

   It affects your strength (+5).
   It affects your dexterity (+6).
Wands
 m - a wand of paralysis (11)
 r - a wand of acid (8)
 G - a wand of polymorph (7)
 H - a wand of disintegration (14)
 N - a wand of enslavement (9)
Scrolls
 e - 3 scrolls of identify
 i - 5 scrolls of remove curse
 k - a scroll of fog {unknown}
 p - 2 scrolls of teleportation
 q - 2 scrolls of amnesia {unknown}
 t - a scroll of magic mapping {unknown}
 x - 4 scrolls of blinking {unknown}
Potions
 g - 3 potions of ambrosia
 h - 8 potions of heal wounds
 j - 2 potions of might
 l - a potion of haste {unknown}
 w - 3 potions of degeneration
 A - 2 potions of agility {unknown}
 D - a potion of magic {unknown}
 O - 2 potions of curing


   Skills:
 + Level 9.6 Fighting
 + Level 9.8(12.0) Axes
 + Level 9.8(11.0) Maces & Flails
 + Level 2.6 Throwing
 + Level 8.5 Armour
 - Level 2.4 Dodging
 - Level 1.5 Stealth
   Level 2.5 Shields
 + Level 0.5 Evocations


You had 9 spell levels left.
You didn't know any spells.
Your spell library was empty.

Dungeon Overview and Level Annotations

Branches:
Dungeon (8/15)             Temple (1/1) D:5            Lair (1/6) D:8

Altars:
Ashenzari
Cheibriados
Dithmenos
Elyvilon
Fedhas
Gozag
Hepliaklqana
Kikubaaqudgha
Makhleb
Nemelex Xobeh
Okawaru
Qazlal
Ru
Sif Muna
Trog
Uskayaw
Vehumet
Wu Jian
Xom
Yredelemnul
Zin
The Shining One
Beogh

Shops:
D:4 =   D:6 [?*=


Message History

* * * LOW HITPOINT WARNING * * *
You feel sick.
The water moccasin bites you but does no damage.
The spiny frog stings you but does no damage.
You feel a strong urge to attack something.
You feel sick.
You are no longer berserk.
You are exhausted.
You feel yourself slow down.
You feel sick.
As you read the scroll of teleportation, it crumbles to dust.
You feel strangely unstable.
You feel very sick.
The water moccasin bites you but does no damage.
The spiny frog stings you!
* * * LOW HITPOINT WARNING * * *
You are lethally poisoned!
The spiny frog poisons you!
The water moccasin bites you but does no damage.
The spiny frog stings you!
You die...

##........# #........#
##........# #.........#
##........# #........#
#........#####
##........P##.###########P#
................@S.........
................FF.........
...........................
......>.....:..............
...........................
...........................
......................>....
...........................
.......####.#####


You could see 2 spiny frogs and a water moccasin.

Vanquished Creatures
  Pikel (D:5)
  A spiny frog (Lair:1)
  A komodo dragon (Lair:1)
  4 blink frogs (Lair:1)
  Grinder (D:5)
  2 hippogriffs (D:7)
  6 yaks (Lair:1)
  A hungry ghost (D:7)
  Menkaure (D:5)
  A water moccasin (Lair:1)
  A porcupine (Lair:1)
  2 orc warriors
  3 sky beasts
  2 centaurs
  4 ogres
  4 crocodiles (Lair:1)
  6 bullfrogs
  A gnoll sergeant (D:7)
  2 scorpions (D:6)
  4 wights (D:8)
  2 howler monkeys (D:7)
  A bullfrog zombie (D:6)
  2 crimson imps
  A quasit (D:6)
  A centaur skeleton (D:4)
  3 hounds
  4 orc priests
  A jelly (D:5)
  Ijyb (D:5)
  An iguana (D:3)
  2 orc wizards
  4 worker ants
  A hound zombie (D:7)
  A hound skeleton (D:7)
  A worker ant zombie (D:5)
  7 gnolls
  8 adders
  2 oozes (D:2)
  An adder zombie (D:5)
  A worm (D:2)
  3 dart slugs
  A leopard gecko (D:4)
  17 orcs
  3 ball pythons
  11 giant cockroaches
  9 goblins
  4 hobgoblins
  8 jackals
  6 kobolds
  A quokka (D:2)
  7 bats
  3 frilled lizards
  A leopard gecko skeleton (D:4)
  A quokka skeleton (D:5)
  5 rats
  A fungus (D:8)
  A plant (D:8)
175 creatures vanquished.

Vanquished Creatures (others)
  3 slaves (D:5)
  A crimson imp (D:5)
  A worker ant (D:5)
  A leopard gecko (D:5)
  A leopard gecko skeleton (D:5)
7 creatures vanquished.

Grand Total: 182 creatures vanquished

Notes
Turn   | Place    | Note
-------+----------+-------------------------------------------
     0 | D:1      | lyphon the Hill Orc Monk began the quest for the Orb.
     0 | D:1      | Reached XP level 1. HP: 19/19 MP: 1/1
   188 | D:1      | Reached XP level 2. HP: 23/27 MP: 2/2
   615 | D:2      | Reached XP level 3. HP: 26/33 MP: 3/3
  1061 | D:2      | Found a stormy altar of Qazlal.
  1276 | D:2      | Reached XP level 4. HP: 35/41 MP: 4/4
  1607 | D:3      | Reached skill level 1 in Armour
  1686 | D:3      | Reached skill level 5 in Maces & Flails
  2245 | D:3      | Reached XP level 5. HP: 47/47 MP: 5/5
  2465 | D:4      | Found Gogegg's Jewellery Shoppe.
  2953 | D:4      | Reached XP level 6. HP: 50/55 MP: 6/6
  3285 | D:5      | Entered Level 5 of the Dungeon
  3305 | D:5      | Noticed a slave
  3305 | D:5      | Noticed a slave
  3305 | D:5      | Noticed a slave
  3305 | D:5      | Noticed Pikel
  3455 | D:5      | Reached skill level 5 in Fighting
  3528 | D:5      | Noticed a slave
  3534 | D:5      | Killed Pikel
  3534 | D:5      | Reached skill level 1 in Throwing
  3534 | D:5      | Reached XP level 7. HP: 41/63 MP: 7/7
  3662 | D:5      | Noticed Menkaure
  3680 | D:5      | Noticed Grinder
  4040 | D:5      | Found a staircase to the Ecumenical Temple.
  4061 | D:5      | Reached XP level 8. HP: 70/70 MP: 8/8
  4075 | Temple   | Entered the Ecumenical Temple
  4321 | Temple   | Became a worshipper of Trog the Wrathful
  4321 | Temple   | Reached * piety under Trog
  4321 | Temple   | Reached ** piety under Trog
  4434 | D:5      | Killed Grinder
  4497 | D:5      | Noticed Ijyb
  4513 | D:5      | Killed Ijyb
  4831 | D:5      | Killed Menkaure
  5360 | D:6      | Reached skill level 1 in Shields
  5363 | D:6      | Reached skill level 5 in Armour
  5791 | D:6      | Found Weoschuh's General Store.
  6058 | D:6      | Found Vanulame's Magic Scroll Shop.
  6066 | D:6      | Bought a scroll of teleportation for 45 gold pieces
  6066 | D:6      | Bought a scroll of teleportation for 45 gold pieces
  6068 | D:6      | Found Hemeludu's Armour Shop.
  6075 | D:6      | Bought a +0 pair of gloves of strength for 161 gold pieces
  6137 | D:6      | Reached XP level 9. HP: 78/79 MP: 9/9
  6304 | D:6      | Found Neaji's Jewellery Shoppe.
  6844 | D:7      | Reached skill level 1 in Axes
  7005 | D:7      | Found a roughly hewn altar of Beogh.
  7176 | D:7      | Got a scorched turquoise ring
  7177 | D:7      | Identified the ring "Xiasuobi" {Fire rN+ Int-2 Slay+2 SInv}
                  | (You found it on level 7 of the Dungeon)
  7228 | D:7      | Reached skill level 5 in Axes
  7531 | D:7      | Reached XP level 10. HP: 74/90 MP: 10/10
  7715 | D:8      | Reached *** piety under Trog
  7836 | D:8      | Found a staircase to the Lair.
  7893 | D:8      | Got a fine golden ring
  7904 | Lair:1   | Entered Level 1 of the Lair of Beasts
  8211 | Lair:1   | Noticed a spiny frog
  8218 | Lair:1   | Killed a spiny frog
  8429 | Lair:1   | Noticed a spiny frog
  8435 | Lair:1   | Noticed a spiny frog
  8448 | Lair:1   | Slain by a spiny frog

Skill      XL: |  1  2  3  4  5  6  7  8  9 10 |
---------------+-------------------------------+-----
Fighting       | 4 6 7 8 9 |  9.6
Maces & Flails | 4 5 7 8 9 |  9.8
Armour         | 1 2 3 4 5 6 8 |  8.5
Throwing       | 1 2 |  2.6
Shields        | 2 |  2.5
Axes           | 6 9 |  9.8
Dodging        | |  2.4
Stealth        | |  1.5
Evocations     | |  0.5

Action                   |  1- 3 |  4- 6 |  7- 9 | 10-12 || total
-------------------------+-------+-------+-------+-------++-------
Melee: Mace              |   100 |   221 |   272 |       ||   593
       Battleaxe         |       |       |   105 |    16 ||   121
       Morningstar       |       |       |       |    94 ||    94
Throw: Stone             |    13 |    30 |    32 |    13 ||    88
Invok: Berserk           |       |       |    14 |     6 ||    20
       Trog's Hand       |       |       |     3 |     1 ||     4
Evoke: Wand              |       |       |     1 |     2 ||     3
  Use: Scroll            |     2 |     3 |     5 |     1 ||    11
       Potion            |       |     2 |     2 |       ||     4
 Stab: Sleeping          |     1 |     1 |       |       ||     2
  Eat: Chunk             |     1 |     7 |    12 |     4 ||    24
       Ration            |       |       |     7 |     1 ||     8
Armor: Robe              |    13 |       |       |       ||    13
       Ring mail         |    17 |    50 |       |       ||    67
       Chain mail        |       |    91 |   277 |    36 ||   404
Dodge: Dodged            |    73 |   125 |   142 |    47 ||   387
       Deflected         |       |     4 |     2 |       ||     6
Block: Buckler           |       |       |    43 |       ||    43
